NWL (28 & UNDER)
BISMARK BORDER GUARDS @ BISMARCK BARONS
06/04/2026
 
TOP OF THE 1ST
Bismark Border Guards batting - Pitching for Bismarck Barons : RHP Ray Johnston
Pitching: RHP Ray Johnston
Batting: RHB Edward Melton 0-0: Ball
1-0: Called Strike
1-1: Fly out, F5 (Line Drive, 5S)
Batting: LHB Rusty Herbert 0-0: Ball
1-0: Ball
2-0: SINGLE (Flyball, 89S)
Batting: RHB Mike Wright 0-0: Ball
1-0: Foul Ball, location: 2F
1-1: Called Strike
1-2: Ball
2-2: Ball
3-2: Foul Ball, location: 2F
3-2: Foul Ball, location: 2F
3-2: Grounds into double play, 5-4-3 (Groundball, 5L)
Top of the 1st over - 0 run(s), 1 hit(s), 0 error(s), 0 left on base; Bismark 0 - Bismarck 0
BOTTOM OF THE 1ST
Bismarck Barons batting - Pitching for Bismark Border Guards : RHP Júlio Quintana
Pitching: RHP Júlio Quintana
Batting: LHB John Frost 0-0: Ball
1-0: Called Strike
1-1: Ball
2-1: Ground out 4-3 (Groundball, 4)
Batting: RHB Norm Francis 0-0: Called Strike
0-1: Ball
1-1: Fly out, F9 (Flyball, 89M)
Batting: RHB Eric Fuller 0-0: Foul Ball, location: 2F
0-1: Ball
1-1: Ground out 4-3 (Groundball, 34)
Bottom of the 1st over - 0 run(s), 0 hit(s), 0 error(s), 0 left on base; Bismark 0 - Bismarck 0
TOP OF THE 2ND
Bismark Border Guards batting - Pitching for Bismarck Barons : RHP Ray Johnston
Batting: RHB Trent Rasmussen 0-0: Ball
1-0: Ball
2-0: Foul Ball, location: 2F
2-1: Ground out 5-3 (Groundball, 5S)
Batting: RHB Doug Williams 0-0: Ball
1-0: Ground out 6-3 (Groundball, 6)
Batting: LHB Norbert Mosley 0-0: Ball
1-0: Called Strike
1-1: Ball
2-1: Ball
3-1: Base on Balls
Batting: SHB Vicente Pagán 0-0: Called Strike
0-1: Ball
1-1: Called Strike
1-2: Fielders Choice at 2nd, U4 (Groundball, 4M)
Top of the 2nd over - 0 run(s), 0 hit(s), 0 error(s), 1 left on base; Bismark 0 - Bismarck 0
BOTTOM OF THE 2ND
Bismarck Barons batting - Pitching for Bismark Border Guards : RHP Júlio Quintana
Batting: RHB Seiji Kouno 0-0: Called Strike
0-1: Ball
1-1: Foul Ball, location: 2F
1-2: Ground out 4-3 (Groundball, 34)
Batting: RHB Herb Bunch 0-0: Called Strike
0-1: Foul Ball, location: 2F
0-2: Ball
1-2: Ball
2-2: Strikes out swinging
Batting: RHB Pancho Torres 0-0: Ball
1-0: Swinging Strike
1-1: Swinging Strike
1-2: Foul Ball, location: 2F
1-2: Foul Ball, location: 2F
1-2: Strikes out swinging
Bottom of the 2nd over - 0 run(s), 0 hit(s), 0 error(s), 0 left on base; Bismark 0 - Bismarck 0
TOP OF THE 3RD
Bismark Border Guards batting - Pitching for Bismarck Barons : RHP Ray Johnston
Batting: RHB Reynaldo Slomp 0-0: Called Strike
0-1: Ball
1-1: Ball
2-1: Foul Ball, location: 2F
2-2: Ground out 6-3 (Groundball, 6)
Batting: RHB Jorge Montoya 0-0: Foul Ball, location: 2F
0-1: Ball
1-1: Foul Ball, location: 2F
1-2: Strikes out swinging
Pitching: RHP Tim Horton
Batting: RHB Edward Melton 0-0: Swinging Strike
0-1: Ground out 6-3 (Groundball, 6)
Top of the 3rd over - 0 run(s), 0 hit(s), 0 error(s), 0 left on base; Bismark 0 - Bismarck 0
BOTTOM OF THE 3RD
Bismarck Barons batting - Pitching for Bismark Border Guards : RHP Júlio Quintana
Batting: RHB Roberto García 0-0: Fly out, F2 (Popup, 2LF)
Batting: RHB Michael Thomas 0-0: SINGLE (Groundball, 34D)
Batting: LHB Jorge Fernández 0-0: Foul Ball, location: 2F
0-1: Fielders Choice at 2nd, 6-4 (Groundball, 6)
Batting: LHB John Frost 0-0: Ball
1-0: Foul Ball, location: 2F
1-1: Called Strike
1-2: Fielders Choice at 2nd, U6 (Groundball, 6M)
Bottom of the 3rd over - 0 run(s), 1 hit(s), 0 error(s), 1 left on base; Bismark 0 - Bismarck 0
TOP OF THE 4TH
Bismark Border Guards batting - Pitching for Bismarck Barons : RHP Tim Horton
Batting: LHB Rusty Herbert 0-0: Bunted foul
0-1: Swinging Strike
0-2: Ball
1-2: Strikes out swinging
Batting: RHB Mike Wright 0-0: SINGLE (Groundball, 56D) (infield hit)
Batting: RHB Trent Rasmussen 0-0: Ball
1-0: Grounds into double play, 5-4-3 (Groundball, 56)
Top of the 4th over - 0 run(s), 1 hit(s), 0 error(s), 0 left on base; Bismark 0 - Bismarck 0
BOTTOM OF THE 4TH
Bismarck Barons batting - Pitching for Bismark Border Guards : RHP Júlio Quintana
Batting: RHB Norm Francis 0-0: Called Strike
0-1: Ball
1-1: Ball
2-1: Ball
3-1: Fly out, F7 (Flyball, 7LDF)
Batting: RHB Eric Fuller 0-0: Ball
1-0: Called Strike
1-1: Swinging Strike
1-2: Ball
2-2: Ball
3-2: Ground out 6-3 (Groundball, 6)
Batting: RHB Seiji Kouno 0-0: Foul Ball, location: 2F
0-1: Ball
1-1: Ball
2-1: Called Strike
2-2: Foul Ball, location: 2F
2-2: Ground out 4-3 (Groundball, 4)
Bottom of the 4th over - 0 run(s), 0 hit(s), 0 error(s), 0 left on base; Bismark 0 - Bismarck 0
TOP OF THE 5TH
Bismark Border Guards batting - Pitching for Bismarck Barons : RHP Tim Horton
Batting: RHB Doug Williams 0-0: Ball
1-0: Foul Ball, location: 2F
1-1: Ball
2-1: SINGLE (Groundball, 13) (infield hit)
Batting: LHB Norbert Mosley 0-0: Ball
1-0: Fly out, F9 (Flyball, 9LM)
Batting: SHB Vicente Pagán 0-0: Grounds into double play, 4-6-3 (Groundball, 34)
Top of the 5th over - 0 run(s), 1 hit(s), 0 error(s), 0 left on base; Bismark 0 - Bismarck 0
BOTTOM OF THE 5TH
Bismarck Barons batting - Pitching for Bismark Border Guards : RHP Júlio Quintana
Batting: RHB Herb Bunch 0-0: Ball
1-0: Ball
2-0: Ball
3-0: Called Strike
3-1: Foul Ball, location: 2F
3-2: Foul Ball, location: 2F
3-2: Base on Balls
Batting: RHB Pancho Torres 0-0: Ball
1-0: Ball
2-0: Foul Ball, location: 2F
2-1: Fly out, F8 (Flyball, 8LM)
Batting: RHB Roberto García 0-0: Foul Ball, location: 2F
0-1: Swinging Strike
0-2: Ball
1-2: Ball
2-2: Strikes out looking
Batting: RHB Michael Thomas 0-0: Ball
1-0: Ground out 5-3 (Groundball, 56S)
Bottom of the 5th over - 0 run(s), 0 hit(s), 0 error(s), 1 left on base; Bismark 0 - Bismarck 0
TOP OF THE 6TH
Bismark Border Guards batting - Pitching for Bismarck Barons : RHP Tim Horton
Batting: RHB Reynaldo Slomp 0-0: Ball
1-0: Called Strike
1-1: Foul Ball, location: 2F
1-2: Strikes out swinging
Batting: RHB Jorge Montoya 0-0: SINGLE (Flyball, 8LS)
Batting: RHB Edward Melton 0-0: Called Strike
0-1: Called Strike
0-2: Foul Ball, location: 2F
0-2: Fly out, F4 (Popup, 13)
Batting: LHB Rusty Herbert 0-0: Called Strike
0-1: Swinging Strike
0-2: Foul Ball, location: 2F
0-2: SINGLE (Line Drive, 6MD)
Jorge Montoya to second
Batting: RHB Mike Wright 0-0: Called Strike
0-1: Ball
1-1: Foul Ball, location: 2F
1-2: Foul Ball, location: 2F
1-2: Ball
2-2: Ball
3-2: Foul Ball, location: 2F
3-2: SINGLE (Groundball, 5D)
Jorge Montoya to third
Rusty Herbert to second
Jorge Montoya scores
Rusty Herbert to third
Batting: RHB Trent Rasmussen 0-0: Ball
1-0: Ball
2-0: Ball
3-0: Base on Balls
Mike Wright to second
Batting: RHB Doug Williams 0-0: Ball
1-0: Fly out, F9 (Flyball, 9M)
Top of the 6th over - 1 run(s), 3 hit(s), 0 error(s), 3 left on base; Bismark 1 - Bismarck 0
BOTTOM OF THE 6TH
Bismarck Barons batting - Pitching for Bismark Border Guards : RHP Júlio Quintana
Batting: LHB Jorge Fernández 0-0: Called Strike
0-1: Ball
1-1: Called Strike
1-2: Foul Ball, location: 2F
1-2: Ball
2-2: Foul Ball, location: 2F
2-2: Strikes out swinging
Batting: LHB John Frost 0-0: SINGLE (Groundball, 4MD)
Batting: RHB Norm Francis 0-0: Ball
1-0: Ball
2-0: Ball
3-0: Called Strike
3-1: SINGLE (Flyball, 56D)
John Frost to second
Batting: RHB Eric Fuller 0-0: Ball
John Frost steals 3rd base
Norm Francis to second
1-0: Foul Ball, location: 2F
1-1: Ball
2-1: Ball
3-1: Foul Ball, location: 2F
3-2: Strikes out swinging
Batting: RHB Seiji Kouno 0-0: Ball
1-0: Ball
2-0: Called Strike
2-1: Called Strike
2-2: Strikes out swinging
Bottom of the 6th over - 0 run(s), 2 hit(s), 0 error(s), 2 left on base; Bismark 1 - Bismarck 0
TOP OF THE 7TH
Bismark Border Guards batting - Pitching for Bismarck Barons : RHP Tim Horton
Pitching: LHP Francisco Rodríguez
Batting: LHB Norbert Mosley 0-0: Called Strike
0-1: Ball
1-1: Fly out, F9 (Line Drive, 9S)
Pitching: LHP Charlie Conner
Batting: SHB Vicente Pagán 0-0: Ball
1-0: Ground out 5-3 (Groundball, 56S)
Batting: RHB Reynaldo Slomp 0-0: Ball
1-0: Ball
2-0: Ball
3-0: Base on Balls
Batting: RHB Jorge Montoya 0-0: Ball
1-0: Fly out, F8 (Flyball, 8LM)
Top of the 7th over - 0 run(s), 0 hit(s), 0 error(s), 1 left on base; Bismark 1 - Bismarck 0
BOTTOM OF THE 7TH
Bismarck Barons batting - Pitching for Bismark Border Guards : RHP Júlio Quintana
Batting: RHB Herb Bunch 0-0: Called Strike
0-1: Ball
1-1: Called Strike
1-2: Foul Ball, location: 2F
1-2: Strikes out swinging
Pitching: RHP Ramón Fonseca
Batting: RHB Pancho Torres 0-0: Fly out, F8 (Flyball, 8RS)
Batting: RHB Roberto García 0-0: Called Strike
0-1: Called Strike
0-2: Foul Ball, location: 2F
0-2: Strikes out swinging
Bottom of the 7th over - 0 run(s), 0 hit(s), 0 error(s), 0 left on base; Bismark 1 - Bismarck 0
TOP OF THE 8TH
Bismark Border Guards batting - Pitching for Bismarck Barons : LHP Charlie Conner
Batting: RHB Edward Melton 0-0: Ball
1-0: Ball
2-0: Swinging Strike
2-1: Foul Ball, location: 2F
2-2: Fly out, F7 (Flyball, 7M)
Batting: LHB Rusty Herbert 0-0: Ball
1-0: SINGLE (Line Drive, 4MD)
Batting: RHB Mike Wright 0-0: Ball
Rusty Herbert is caught stealing 2nd base
1-0: Called Strike
1-1: Foul Ball, location: 2F
1-2: Ball
2-2: Foul Ball, location: 2F
2-2: Ball
3-2: Foul Ball, location: 2F
3-2: SOLO HOME RUN (Flyball, 7D), Distance : 363 ft
Batting: RHB Trent Rasmussen 0-0: Ball
1-0: Foul Ball, location: 2F
1-1: Swinging Strike
1-2: Strikes out swinging
Top of the 8th over - 1 run(s), 2 hit(s), 0 error(s), 0 left on base; Bismark 2 - Bismarck 0
BOTTOM OF THE 8TH
Bismarck Barons batting - Pitching for Bismark Border Guards : RHP Ramón Fonseca
Batting: RHB Michael Thomas 0-0: Ball
1-0: Ground out 6-3 (Groundball, 6M)
Batting: LHB Jorge Fernández 0-0: Ground out 6-3 (Groundball, 6M)
Batting: LHB John Frost 0-0: Ball
1-0: Ball
2-0: Fly out, F8 (Flyball, 8LM)
Bottom of the 8th over - 0 run(s), 0 hit(s), 0 error(s), 0 left on base; Bismark 2 - Bismarck 0
TOP OF THE 9TH
Bismark Border Guards batting - Pitching for Bismarck Barons : LHP Charlie Conner
Batting: RHB Doug Williams 0-0: Called Strike
0-1: Called Strike
0-2: Foul Ball, location: 2F
0-2: Foul Ball, location: 2F
0-2: Ball
1-2: Ball
2-2: Ground out 6-3 (Groundball, 6M)
Pitching: RHP Francisco Anaya
Batting: LHB Norbert Mosley 0-0: SINGLE (Line Drive, 89S)
Batting: SHB Vicente Pagán 0-0: Ball
1-0: Ball
2-0: Ball
3-0: Called Strike
3-1: Swinging Strike
3-2: Base on Balls
Norbert Mosley to second
Batting: RHB Reynaldo Slomp 0-0: Ball
1-0: Called Strike
1-1: Ball
2-1: Fly out, F9 (Flyball, 89M)
Batting: RHB Jorge Montoya 0-0: SINGLE (Groundball, 6M)
Norbert Mosley to third
Vicente Pagán to second
Runner from 3rd tries for Home, SAFE, no throw or cutoff
Batting: RHB Edward Melton 0-0: Called Strike
0-1: Ball
1-1: Swinging Strike
1-2: Strikes out looking
Top of the 9th over - 1 run(s), 2 hit(s), 0 error(s), 2 left on base; Bismark 3 - Bismarck 0
BOTTOM OF THE 9TH
Bismarck Barons batting - Pitching for Bismark Border Guards : RHP Ramón Fonseca
Pitching: RHP Beau Murphy
Now at 1B: Alejandro Ramos
Batting: RHB Norm Francis 0-0: Ball
1-0: Hit by Pitch
Batting: RHB Eric Fuller 0-0: Ball
1-0: Foul Ball, location: 2F
1-1: Ball
2-1: Foul Ball, location: 2F
2-2: Fly out, F8 (Flyball, 8RD)
Runner from 1st tags up, SAFE at 2nd
Batting: RHB Seiji Kouno 0-0: Ground out 4-3 (Groundball, 4)
Norm Francis to third
Batting: RHB Herb Bunch 0-0: Ball
1-0: Ball
2-0: Swinging Strike
2-1: Foul Ball, location: 2F
2-2: Ball
3-2: Strikes out looking
Bottom of the 9th over - 0 run(s), 0 hit(s), 0 error(s), 1 left on base; Bismark 3 - Bismarck 0
Monday, December 5th, 2016 - OOTP Baseball 17.12 Build 75